[Event "Titled Tuesday Blitz December 06 Early 2022"]
[White "Riehle, Marco"]
[Black "Salinas Herrera, Pablo"]
[WhiteFideId "12904392"]
[BlackFideId "3407128"]
[WhiteElo "2462"]
[BlackElo "2557"]
[Result "1-0"]
[Round "09"]
[TimeControl "180+1"]
[Date "2022.12.06"]
[WhiteClock "0:00:09"]
[BlackClock "0:00:07"]

1. e4 c5 2. a3 g6 3. h4 d5 4. exd5 Qxd5 5. Nc3 Qd8 6. h5 Bg7 7. Bc4 Nc6 8. d3 e6 9. Nf3 a6 10. Bg5 Qc7 11. Qd2 b5 12. Bb3 Nd4 13. Nxd4 Bxd4 14. O-O-O Bb7 15. Ne4 h6 16. hxg6 hxg5 17. gxf7+ Qxf7 18. Nxg5 Qf6 19. Nxe6 Rxh1 20. Rxh1 Bxb2+ 21. Kb1 Bxa3 22. c3 c4 23. Nc7+ Kf8 24. Nxa8 cxb3 25. Nc7 Bd6 26. Rh7 Be7 27. Kb2 Qf5 28. Qf4 Qxf4 29. Ne6+ Ke8 30. Nxf4 Nf6 31. Rh8+ Kf7 32. Kxb3 Nd5 33. Ne2 a5 34. c4 a4+ 35. Ka2 Nb4+ 36. Kb1 Nxd3 37. cxb5 a3 38. Nc3 Bxg2 39. Ka2 Bf6 40. Rc8 Be7 41. b6 Nb4+ 42. Kb3 Nd5 43. b7 Nxc3 44. b8=Q a2 45. Qf4+ Ke6 46. Kb2 Bf6 47. Re8+ Kf7 48. Rf8+ Kxf8 49. Qxf6+ 1-0


[Site "https://www.chess.com"]

[Event "Titled Tuesday Blitz December 06 Early 2022"]
[White "Rosenberg, Evan S"]
[Black "Buksa, Nataliya"]
[WhiteFideId "2019299"]
[BlackFideId "14123622"]
[WhiteElo "2367"]
[BlackElo "2303"]
[Result "1-0"]
[Round "09"]
[TimeControl "180+1"]
[Date "2022.12.07"]
[WhiteClock "0:00:29"]
[BlackClock "0:01:15"]

1. d4 d5 2. Nf3 e6 3. g3 Nf6 4. Bg2 Be7 5. O-O b5 6. a4 b4 7. c4 bxc3 8. Nxc3 O-O 9. Bf4 a5 10. Rc1 c6 11. Ne5 Ba6 12. Re1 Qb6 13. Qd2 Nfd7 14. e4 Nxe5 15. Bxe5 Nd7 16. exd5 cxd5 17. Bf4 Rac8 18. Nxd5 exd5 19. Rxe7 Nf6 20. Rcc7 Rxc7 21. Bxc7 Qc6 22. Be5 h6 23. Rc7 Qb6 24. Rc5 Nd7 25. Rxd5 Nxe5 26. dxe5 Bb7 27. Rb5 Qc7 28. Rxb7 Qxe5 29. Rb5 Qc7 30. Qxa5 Qc1+ 31. Bf1 Re8 32. Re5 Rc8 33. Qe1 Qxb2 34. Re8+ Rxe8 35. Qxe8+ Kh7 36. Qxf7 Qb1 37. Qc4 Qa1 38. Kg2 h5 39. Bd3+ Kh6 40. Qf4+ g5 41. Qf8+ Qg7 42. Qxg7+ Kxg7 43. a5 Kf6 44. a6 Ke5 45. a7 Kd4 46. a8=Q g4 47. Qe4+ Kc3 48. Be2 h4 49. Qd3+ Kb2 50. gxh4 g3 51. hxg3 Kc1 52. Bf3 Kb2 53. h5 Ka2 54. Qb5 Ka1 55. Kf1 Ka2 56. Ke2 Ka1 57. Kd2 Ka2 58. Kc2 Ka3 59. Qb3# 1-0


[Site "https://www.chess.com"]

[Event "Titled Tuesday Blitz December 06 Early 2022"]
[White "Sadhwani, Raunak"]
[Black "Vidit, Santosh Gujrathi"]
[WhiteFideId "35093487"]
[BlackFideId "5029465"]
[WhiteElo "2657"]
[BlackElo "2669"]
[Result "1-0"]
[Round "09"]
[TimeControl "180+1"]
[Date "2022.12.06"]
[WhiteClock "0:00:05"]
[BlackClock "0:00:02"]

1. c4 e5 2. Nc3 Bb4 3. Nd5 a5 4. a3 Be7 5. Nf3 d6 6. d4 exd4 7. Qxd4 Nf6 8. Nxe7 Qxe7 9. Bg5 Nc6 10. Qf4 Ne5 11. Bxf6 Nd3+ 12. Kd2 Nxf4 13. Bxe7 Kxe7 14. e3 Ne6 15. Nd4 a4 16. Bd3 Nc5 17. Bc2 g6 18. Kc3 h5 19. f4 h4 20. e4 h3 21. g3 Bg4 22. Rhe1 Rhe8 23. e5 c6 24. Bd1 Bd7 25. Bf3 Be6 26. Rad1 d5 27. g4 dxc4 28. f5 gxf5 29. gxf5 Bd5 30. Bxd5 cxd5 31. Nb5 Nd3 32. Re3 Rad8 33. Kd4 Kd7 34. Nd6 Rg8 35. Nxf7 Rdf8 36. e6+ Ke7 37. Rf1 Rg4+ 38. Kxd5 Kf6 39. e7 Kxf7 40. exf8=Q+ Kxf8 41. f6 Nxb2 42. f7 Rg5+ 43. Kd4 1-0


[Site "https://www.chess.com"]

[Event "Titled Tuesday Blitz December 06 Early 2022"]
[White "Sadilek, Peter"]
[Black "Bazarov, Konstantin"]
[WhiteFideId "1616439"]
[BlackFideId "4137000"]
[WhiteElo "2227"]
[BlackElo "2228"]
[Result "1/2-1/2"]
[Round "09"]
[TimeControl "180+1"]
[Date "2022.12.07"]
[WhiteClock "0:00:07"]
[BlackClock "0:00:19"]

1. d4 Nf6 2. Nf3 b6 3. g3 Bb7 4. Bg2 g6 5. O-O Bg7 6. c4 e6 7. Nc3 Ne4 8. Nxe4 Bxe4 9. Bg5 Qc8 10. Qd2 d6 11. c5 bxc5 12. dxc5 d5 13. Bh6 O-O 14. h4 Nd7 15. h5 Qd8 16. Bxg7 Kxg7 17. h6+ Kg8 18. Qc3 Qf6 19. Qxf6 Nxf6 20. Ne5 Bxg2 21. Kxg2 Rfb8 22. b3 a5 23. Nc6 Rb5 24. Rfc1 Kf8 25. Nd4 Rb4 26. Nc6 Rb7 27. Ne5 a4 28. bxa4 Rxa4 29. Rab1 Rab4 30. Rxb4 Rxb4 31. Rc2 Ke8 32. f3 Nd7 33. Nd3 Rb8 34. g4 f6 35. Kg3 c6 36. f4 Ke7 37. g5 Ra8 38. gxf6+ Nxf6 39. Ne5 Ne4+ 40. Kg4 Ra6 41. a4 Nf6+ 42. Kg5 Ne4+ 43. Kg4 Kf6 44. Nd7+ Ke7 45. Ne5 1/2-1/2


[Site "https://www.chess.com"]

[Event "Titled Tuesday Blitz December 06 Early 2022"]
[White "Sakun, Volodymyr"]
[Black "Palacio,Igor Da Paz"]
[WhiteFideId "14114062"]
[BlackFideId "2121140"]
[WhiteElo "2319"]
[BlackElo "2126"]
[Result "1-0"]
[Round "09"]
[TimeControl "180+1"]
[Date "2022.12.07"]
[WhiteClock "0:00:26"]
[BlackClock "0:00:02"]

1. e4 c5 2. Be2 Nf6 3. e5 Nd5 4. Nf3 Nc6 5. c3 d6 6. exd6 Qxd6 7. d4 cxd4 8. cxd4 e5 9. dxe5 Nxe5 10. Bb5+ Bd7 11. Bxd7+ Nxd7 12. O-O Be7 13. Bg5 Bxg5 14. Nxg5 O-O 15. Nc3 N7f6 16. Nxd5 Qxd5 17. Qxd5 Nxd5 18. Rfd1 Nf6 19. Rac1 Rac8 20. Nf3 h6 21. Nd4 Rfd8 22. Rxc8 Rxc8 23. Kf1 Rd8 24. Ke2 Rd5 25. f3 Kf8 26. g4 g6 27. Ke3 h5 28. h3 hxg4 29. hxg4 Rd7 30. g5 Nd5+ 31. Ke4 Ke7 32. Rc1 a6 33. Rc5 Nc7 34. Re5+ Kf8 35. f4 Re7 36. f5 gxf5+ 37. Nxf5 Rxe5+ 38. Kxe5 Nb5 39. a4 1-0


[Site "https://www.chess.com"]

[Event "Titled Tuesday Blitz December 06 Early 2022"]
[White "Samaganova, Aleksandra"]
[Black "Hirneise, Jens"]
[WhiteFideId "13800221"]
[BlackFideId "24614734"]
[WhiteElo "1864"]
[BlackElo "2345"]
[Result "0-1"]
[Round "09"]
[TimeControl "180+1"]
[Date "2022.12.07"]
[WhiteClock "0:00:06"]
[BlackClock "0:00:08"]

1. c4 c6 2. Nf3 Nf6 3. e3 d5 4. Nc3 e6 5. d4 Bd6 6. Bd3 dxc4 7. Bxc4 b5 8. Bd3 b4 9. Ne4 Nxe4 10. Bxe4 Qb6 11. O-O Nd7 12. b3 Bb7 13. Bb2 Nf6 14. Bd3 c5 15. dxc5 Bxc5 16. Nd4 O-O 17. Rc1 Rfd8 18. Qc2 Rac8 19. Qb1 Qd6 20. Be2 Ne4 21. Rfd1 Qe7 22. Bf3 Ng5 23. Bxb7 Qxb7 24. h3 Rd5 25. Ne2 Rcd8 26. Nf4 Rxd1+ 27. Rxd1 Rc8 28. Qd3 h6 29. Bd4 Rd8 30. Qc2 Bb6 31. Bxb6 Qxb6 32. Rxd8+ Qxd8 33. h4 Nh7 34. Qe2 Nf6 35. Qc4 Ng4 36. Qc2 Ne5 37. Ne2 Qxh4 38. Nd4 Ng4 39. Kf1 Qh1+ 40. Ke2 Qxg2 41. Qc8+ Kh7 42. Qc2+ f5 43. Kd3 Nxf2+ 44. Kc4 h5 45. Nxe6 Qc6+ 46. Kd4 Qxc2 47. Ng5+ Kg6 48. Ne6 Qe4+ 49. Kc5 Qxe6 50. Kxb4 Ne4 51. Ka3 h4 52. Kb2 h3 0-1


[Site "https://www.chess.com"]

[Event "Titled Tuesday Blitz December 06 Early 2022"]
[White "Sanchez, Robert"]
[Black "Tasev, Dejan"]
[WhiteFideId "2034360"]
[BlackFideId "936618"]
[WhiteElo "2358"]
[BlackElo "2253"]
[Result "1-0"]
[Round "09"]
[TimeControl "180+1"]
[Date "2022.12.07"]
[WhiteClock "0:00:13"]
[BlackClock "0:00:28"]

1. Nf3 Nf6 2. e3 g6 3. c4 Bg7 4. Nc3 O-O 5. d4 b6 6. Be2 Bb7 7. O-O e6 8. a4 a5 9. b3 d5 10. Ba3 Re8 11. cxd5 exd5 12. Rc1 c6 13. Ne5 Nbd7 14. f4 Rc8 15. Bd3 Nf8 16. Qe2 N6d7 17. Qg4 f6 18. Nxd7 Qxd7 19. Qg3 f5 20. Rce1 Qf7 21. Ne2 Nd7 22. Qh3 Nf6 23. Bd6 c5 24. Be5 c4 25. Bc2 Ng4 26. bxc4 dxc4 27. e4 c3 28. Ng3 Nxe5 29. fxe5 f4 30. Ne2 g5 31. g3 Ba6 32. gxf4 Bxe2 33. Rxe2 gxf4 34. Ref2 Qc4 35. d5 Bxe5 36. Qf5 Rc7 37. Rg2+ Kh8 38. Rxf4 Bxf4 39. Qf6+ 1-0


[Site "https://www.chess.com"]

[Event "Titled Tuesday Blitz December 06 Early 2022"]
[White "Sarana, Alexey"]
[Black "Artemenko, Oleg"]
[WhiteFideId "24133795"]
[BlackFideId "14201798"]
[WhiteElo "2708"]
[BlackElo "2287"]
[Result "0-1"]
[Round "09"]
[TimeControl "180+1"]
[Date "2022.12.06"]
[WhiteClock "0:00:40"]
[BlackClock "0:01:34"]

1. d4 e6 2. c4 b6 3. a3 Bb7 4. Nc3 Nf6 5. Bf4 Be7 6. e3 O-O 7. Nf3 Ne4 8. Nxe4 Bxe4 9. Nd2 Bb7 10. Bd3 d6 11. Qc2 h6 12. Bh7+ Kh8 13. Be4 Bxe4 14. Qxe4 Nd7 15. Qc6 e5 16. dxe5 dxe5 17. Bg3 Nc5 18. O-O-O Qd3 19. Qd5 Qg6 20. b4 Rad8 21. bxc5 Rxd5 22. cxd5 Bxc5 23. e4 Bxa3+ 24. Kc2 Qd6 25. Nc4 Qc5 26. Kd3 Qd4+ 0-1


[Site "https://www.chess.com"]

[Event "Titled Tuesday Blitz December 06 Early 2022"]
[White "Saravana, Krishnan P."]
[Black "Matinian, Nikita"]
[WhiteFideId "5018382"]
[BlackFideId "24129100"]
[WhiteElo "2190"]
[BlackElo "2422"]
[Result "0-1"]
[Round "09"]
[TimeControl "180+1"]
[Date "2022.12.07"]
[WhiteClock "0:00:07"]
[BlackClock "0:02:01"]

1. e4 d6 2. d4 g6 3. Nc3 Nf6 4. Bg5 h6 5. Bh4 Bg7 6. Qd2 O-O 7. f4 e5 8. dxe5 Nxe4 9. Bxd8 Nxd2 10. Bxc7 Nxf1 11. Bxd6 Ne3 12. Bxf8 Bxf8 13. Kd2 Nxg2 14. Nd5 Nc6 15. Ne2 Bh3 16. c4 Rd8 17. Kc3 g5 18. Rad1 gxf4 19. Nexf4 Nxf4 20. Nxf4 Rxd1 21. Rxd1 Bf5 22. Rg1+ Kh8 23. e6 Bg7+ 24. Kb3 Nd4+ 25. Kb4 Nxe6 26. Nxe6 Bxe6 27. b3 f5 28. Re1 Bd7 29. c5 f4 30. Re4 f3 31. Rf4 Bc6 32. Kc4 Be5 33. Rf5 Bxh2 34. b4 a6 35. a4 Be4 36. Rf7 Kg8 37. Rd7 f2 38. Rd1 Bg2 39. b5 f1=Q+ 40. Rxf1 Bxf1+ 41. Kb4 Bf4 42. c6 Bd6+ 43. Ka5 bxc6 44. b6 Bb8 45. b7 h5 46. Kb6 h4 47. Kxc6 h3 48. Kd7 h2 49. Kc8 Bg3 0-1


[Site "https://www.chess.com"]

[Event "Titled Tuesday Blitz December 06 Early 2022"]
[White "Seletsky, Grigory"]
[Black "Larina, Maria"]
[WhiteFideId "14112191"]
[BlackFideId "24113182"]
[WhiteElo "2492"]
[BlackElo "1848"]
[Result "1-0"]
[Round "09"]
[TimeControl "180+1"]
[Date "2022.12.07"]
[WhiteClock "0:00:39"]
[BlackClock "0:00:11"]

1. e4 c6 2. d4 d5 3. Nc3 dxe4 4. Nxe4 Nf6 5. Ng3 c5 6. N1e2 Nc6 7. c3 cxd4 8. Nxd4 Nxd4 9. cxd4 e6 10. a3 Bd6 11. Bd3 O-O 12. O-O b6 13. Qe2 Bb7 14. Rd1 Nd5 15. Qe4 g6 16. Bh6 Re8 17. Qg4 Nf6 18. Qh4 Be7 19. Bb5 Nd7 20. Qg4 a6 21. Be2 Nf6 22. Qf4 Nd5 23. Qd2 Rc8 24. Bf3 Ba8 25. Rac1 Qd7 26. Bg5 f6 27. Bh6 Rxc1 28. Rxc1 Rc8 29. h4 Rxc1+ 30. Qxc1 Qc7 31. Qd2 Bb7 32. Nf1 Kf7 33. Ne3 Nxe3 34. Qxe3 Bxf3 35. Qxf3 Qd6 36. Qe4 Qd5 37. f3 Bd6 38. Kf2 Be7 39. Qxd5 exd5 40. g4 Ke6 41. Kg3 b5 42. Bd2 Bd6+ 43. f4 g5 44. hxg5 fxg5 45. Kf3 gxf4 46. Bxf4 Bxf4 47. Kxf4 h6 48. g5 h5 49. g6 Kf6 50. g7 Kxg7 51. Kg5 h4 52. Kxh4 Kf6 53. Kg4 a5 54. b3 b4 55. axb4 axb4 56. Kf4 Ke6 57. Kg5 Ke7 58. Kf5 Kd6 59. Kf6 Kd7 60. Ke5 Kc6 61. Ke6 Kc7 62. Kxd5 Kd7 63. Kc4 Kc6 64. Kxb4 1-0


[Site "https://www.chess.com"]

[Event "Titled Tuesday Blitz December 06 Early 2022"]
[White "Shapiro, Daniel"]
[Black "Suduvasachmatai"]
[WhiteFideId "2001780"]
[WhiteElo "2304"]
[BlackElo "1977"]
[Result "0-1"]
[Round "09"]
[TimeControl "180+1"]
[Date "2022.12.07"]
[WhiteClock "0:00:05"]
[BlackClock "0:00:21"]

1. d4 d5 2. c4 e6 3. Nf3 Nf6 4. g3 c5 5. cxd5 exd5 6. Bg2 Nc6 7. O-O Bf5 8. Be3 c4 9. Nc3 Be7 10. Ne5 O-O 11. b3 Bb4 12. Rc1 Bxc3 13. Rxc3 Qa5 14. Rc1 Qxa2 15. bxc4 dxc4 16. Nxc4 Rad8 17. Bxc6 bxc6 18. Ne5 Bh3 19. Re1 Nd5 20. Bd2 Ne7 21. Ra1 Qd5 22. Nf3 Bg4 23. Rxa7 Nf5 24. Bc3 Qe4 25. Ne5 Nxd4 26. Nxg4 Qxg4 0-1


[Site "https://www.chess.com"]

[Event "Titled Tuesday Blitz December 06 Early 2022"]
[White "Shuvalov, Evgenij"]
[Black "Buscar, Michael"]
[WhiteFideId "4187237"]
[BlackFideId "2603616"]
[WhiteElo "2049"]
[BlackElo "2010"]
[Result "1-0"]
[Round "09"]
[TimeControl "180+1"]
[Date "2022.12.07"]
[WhiteClock "0:00:18"]
[BlackClock "0:00:01"]

1. d4 d5 2. c4 e6 3. Nc3 Nf6 4. cxd5 exd5 5. Bg5 c6 6. e3 Na6 7. Bxa6 bxa6 8. Nf3 Rb8 9. Qc2 Qb6 10. Bxf6 gxf6 11. b3 Bb4 12. O-O Rg8 13. Qxh7 Rg6 14. Rac1 Bf5 15. Qh4 Ba3 16. Na4 Qc7 17. Rc3 Be4 18. Qh3 Ke7 19. Nh4 Rg5 20. f3 Bh7 21. e4 Rbg8 22. Nc5 Bxc5 23. Rxc5 dxe4 24. fxe4 Bxe4 25. Re1 Qf4 26. Rxg5 Rxg5 27. Nf3 Rg4 28. Kh1 Kf8 29. Qh8+ Rg8 30. Qh3 Bxf3 31. Qxf3 Qxd4 32. Qxc6 Kg7 33. Qxa6 Rh8 34. h3 Qf2 35. Qe2 Qc5 36. Qf3 Rg8 37. Rf1 Kf8 38. Qxf6 Qd5 39. Qf3 Qe6 40. Rf2 Rg6 41. Re2 1-0


[Site "https://www.chess.com"]

[Event "Titled Tuesday Blitz December 06 Early 2022"]
[White "Stijve, Theo"]
[Black "Begunov, Konstantin"]
[WhiteFideId "1331132"]
[BlackFideId "4118510"]
[WhiteElo "2256"]
[BlackElo "2141"]
[Result "1-0"]
[Round "09"]
[TimeControl "180+1"]
[Date "2022.12.07"]
[WhiteClock "0:00:42"]
[BlackClock "0:00:02"]

1. d4 d5 2. c4 c6 3. Nc3 Nf6 4. cxd5 cxd5 5. Bf4 Nc6 6. e3 a6 7. Nf3 Bg4 8. Bd3 e6 9. O-O Bd6 10. Bg3 O-O 11. Rc1 Rc8 12. Na4 Ne4 13. Bxd6 Qxd6 14. Nc5 Bxf3 15. gxf3 Nxc5 16. Rxc5 Ne7 17. Qc2 g6 18. Rc1 Rc6 19. b4 Rfc8 20. a4 b6 21. Rxc6 Rxc6 22. Qb2 Rxc1+ 23. Qxc1 Qxb4 24. Qc7 a5 25. Bb5 Nf5 26. Qxb6 Nh4 27. Qd8+ Kg7 28. Qxh4 e5 29. Qg3 exd4 30. Qe5+ Kh6 31. Qxd4 Qb1+ 32. Kg2 Qf5 33. Bc6 Qg5+ 34. Qg4 Qe5 35. f4 Qe4+ 36. Qf3 Qc2 37. Bxd5 f5 38. Bc6 Kg7 39. Bb5 Qb1 40. Qa8 Kh6 41. Qxa5 Qe4+ 42. Kg1 Qb1+ 43. Bf1 Qe4 44. Qb5 Kh5 45. a5 Kg4 46. f3+ Qxf3 47. Be2 1-0


[Site "https://www.chess.com"]

[Event "Titled Tuesday Blitz December 06 Early 2022"]
[White "Tanenbaum, Zachary"]
[Black "Laylo, Darwin"]
[WhiteFideId "2060850"]
[BlackFideId "5201330"]
[WhiteElo "2175"]
[BlackElo "2335"]
[Result "0-1"]
[Round "09"]
[TimeControl "180+1"]
[Date "2022.12.06"]
[WhiteClock "0:00:02"]
[BlackClock "0:01:52"]

1. e4 c5 2. Nf3 d6 3. d4 cxd4 4. Nxd4 Nf6 5. Nc3 g6 6. Be3 Bg7 7. f3 O-O 8. Qd2 Nc6 9. g4 h5 10. gxh5 Nxh5 11. O-O-O Nxd4 12. Bxd4 Bxd4 13. Qxd4 Be6 14. Rg1 Qb6 15. Qxb6 axb6 16. a3 Rfc8 17. Nd5 Bxd5 18. Rxd5 Nf4 19. Rf5 e5 20. Rf6 Rc6 21. Kb1 Kf8 22. Bb5 Rc5 23. a4 Ke7 24. b4 Rxb5 25. axb5 Kxf6 26. Rd1 Ke7 27. Kb2 Rh8 28. Ra1 Ne6 29. Ra7 Nd8 30. f4 Rxh2 31. fxe5 dxe5 32. Kb3 f5 33. exf5 gxf5 34. Ra2 f4 35. Ka4 f3 36. Ra3 e4 37. Re3 Rh4 38. c3 Nf7 39. Kb3 Nd6 40. Ka4 Nc4 41. Re1 f2 42. Rb1 Nd2 43. Rb2 e3 44. c4 f1=Q 45. Ra2 Qd1+ 46. Ka3 Qb3# 0-1


[Site "https://www.chess.com"]

[Event "Titled Tuesday Blitz December 06 Early 2022"]
[White "Timofeev, Artyom"]
[Black "Bortnyk, Olexandr"]
[WhiteFideId "4140419"]
[BlackFideId "14120828"]
[WhiteElo "2586"]
[BlackElo "2723"]
[Result "0-1"]
[Round "09"]
[TimeControl "180+1"]
[Date "2022.12.06"]
[WhiteClock "0:00:01"]
[BlackClock "0:00:04"]

1. d4 d6 2. Nc3 Nf6 3. Bf4 Nbd7 4. Nf3 b6 5. e4 Bb7 6. Bd3 e6 7. O-O Be7 8. h3 h6 9. Re1 a6 10. Qd2 g5 11. Bh2 g4 12. hxg4 Nxg4 13. d5 e5 14. Ne2 Rg8 15. Ng3 Bg5 16. Nxg5 Rxg5 17. Nf5 Nxh2 18. Kxh2 Qf6 19. b4 O-O-O 20. Qe2 Kb8 21. g3 Ka7 22. a4 h5 23. a5 b5 24. c4 bxc4 25. Bxc4 h4 26. g4 Rdg8 27. f3 Rxf5 28. Qe3+ Ka8 29. exf5 e4 30. Qxe4 Ne5 31. Be2 h3 32. Rac1 Qh4 33. Rf1 Re8 34. Rc2 Re7 35. Qf4 Qh8 36. Kg3 Bxd5 37. Rh1 Qb8 38. Rxh3 Qa7 39. Rh8+ Kb7 40. Rh1 Nc6 41. Rd2 Re5 42. Rc1 f6 43. Kg2 Ne7 44. Rdc2 c6 45. Qh6 Qd4 46. Qg7 Qxb4 47. Bd3 Qf4 48. Rf1 Re3 49. Rcf2 Kc7 50. Bxa6 c5 51. Be2 Ra3 52. Re1 Re3 53. Ref1 c4 54. a6 Kb6 55. Qxf6 Qxg4+ 56. Kh2 Qh5+ 57. Kg1 Nxf5 58. Rb1+ Kc5 59. Qd8 Rb3 60. Qc7+ Kd4 61. Qa7+ Ke5 0-1


[Site "https://www.chess.com"]

[Event "Titled Tuesday Blitz December 06 Early 2022"]
[White "Topalov, Aleksandar"]
[Black "Kleiman, Jake"]
[WhiteFideId "925659"]
[BlackFideId "2020041"]
[WhiteElo "2151"]
[BlackElo "2560"]
[Result "0-1"]
[Round "09"]
[TimeControl "180+1"]
[Date "2022.12.07"]
[WhiteClock "0:00:03"]
[BlackClock "0:00:06"]

1. b3 d5 2. Bb2 Bg4 3. g3 e6 4. Bg2 Nf6 5. Nf3 Be7 6. O-O O-O 7. d3 c5 8. Ne5 Bf5 9. Nd2 Qc7 10. e4 Bg6 11. Qe2 Nc6 12. Nxc6 bxc6 13. h3 Rfe8 14. Kh1 h6 15. e5 Nd7 16. f4 f5 17. exf6 Bxf6 18. Bxf6 Nxf6 19. Nf3 Nd7 20. Rae1 Re7 21. Ne5 Nxe5 22. Qxe5 Qxe5 23. Rxe5 a5 24. Rfe1 Kf7 25. g4 Rae8 26. Kh2 Kf6 27. Kg3 Bf7 28. h4 g6 29. c4 a4 30. g5+ Kg7 31. cxd5 cxd5 32. Bxd5 Rd8 33. Bc4 Rd4 34. f5 gxf5 35. Rxf5 axb3 36. axb3 h5 37. Rfe5 Rg4+ 38. Kh3 Rd4 39. Rxc5 Bg6 40. Rce5 Kf7 41. Rf1+ Kg7 42. Rf3 Re8 43. Kg3 Rg4+ 44. Kh3 Rd4 45. b4 Rf8 46. Rxf8 Kxf8 47. Re3 Bf5+ 48. Kg3 Rg4+ 49. Kf2 Rxh4 50. b5 Rh2+ 51. Kf3 Rb2 52. Kf4 h4 53. Ke5 h3 54. Re1 h2 55. Kf6 Bg4 56. Rf1 Bf3 57. Kxe6 h1=Q 58. Rxh1 Bxh1 59. Kd6 Kg7 60. Kc7 Kg6 61. d4 Kxg5 62. b6 Rc2 63. b7 Rxc4+ 64. Kd6 Rxd4+ 0-1


[Site "https://www.chess.com"]

[Event "Titled Tuesday Blitz December 06 Early 2022"]
[White "Tsatsalashvili, Keti"]
[Black "Kuchava, Ana"]
[WhiteFideId "13603434"]
[BlackFideId "13605348"]
[WhiteElo "2220"]
[BlackElo "2001"]
[Result "1/2-1/2"]
[Round "09"]
[TimeControl "180+1"]
[Date "2022.12.07"]
[WhiteClock "0:00:15"]
[BlackClock "0:00:07"]

1. d4 d5 2. Nf3 Nf6 3. c4 e6 4. Nc3 Be7 5. Bg5 O-O 6. e3 h6 7. Bh4 b6 8. cxd5 Nxd5 9. Bg3 Bb7 10. Bd3 Nd7 11. O-O Nxc3 12. bxc3 c5 13. Ne5 Nf6 14. Rc1 cxd4 15. cxd4 Rc8 16. Qe2 Ba3 17. Rxc8 Qxc8 18. Bh4 Nd5 19. Nc4 Bb4 20. a3 Be7 21. Bxe7 Nxe7 22. Nd6 Qd7 23. Nxb7 Qxb7 24. Ba6 Qc7 25. Qb2 Nd5 26. Rc1 Qd6 27. h3 Rd8 28. Bd3 Qd7 29. Qc2 Qd6 30. Qb3 Qd7 31. Qb5 Qe7 32. Qb2 Qd7 33. Bb5 Qd6 34. Ba4 a6 35. Rc6 Qb8 36. Qc1 b5 37. Bc2 Qb7 38. Bb1 g6 39. Be4 Rd7 40. Qc2 Kg7 41. h4 a5 42. Rc5 b4 43. axb4 axb4 44. Qb2 Rc7 45. Bxd5 exd5 46. g3 Rxc5 47. dxc5+ Kh7 48. c6 Qxc6 49. Qxb4 Qc1+ 50. Kg2 Qc6 51. Qd4 Kg8 52. Kh2 Qe6 53. Kg2 Qc6 54. Kh2 1/2-1/2


[Site "https://www.chess.com"]

[Event "Titled Tuesday Blitz December 06 Early 2022"]
[White "Volkov, Maksim"]
[Black "Acor, Corey"]
[WhiteFideId "54123070"]
[BlackFideId "2024861"]
[WhiteElo "2257"]
[BlackElo "2341"]
[Result "0-1"]
[Round "09"]
[TimeControl "180+1"]
[Date "2022.12.06"]
[WhiteClock "0:00:02"]
[BlackClock "0:00:04"]

1. d4 Nf6 2. c4 e5 3. dxe5 Ng4 4. e3 Nxe5 5. Nh3 Ng6 6. Nf4 Nc6 7. Nc3 Nxf4 8. exf4 Bc5 9. Qe2+ Be7 10. Be3 O-O 11. g3 Re8 12. Bg2 b6 13. O-O Bb7 14. Qd2 Rb8 15. Nd5 Bf8 16. Rad1 a5 17. a3 d6 18. Rfe1 Ne7 19. Qc3 Nf5 20. Bc1 c5 21. b3 Bxd5 22. Bxd5 g6 23. Rxe8 Qxe8 24. Re1 Qd7 25. Be3 Bg7 26. Qd2 a4 27. b4 Re8 28. Kg2 Bd4 29. Kf3 Re7 30. b5 Qe8 31. Bc6 Qf8 32. Re2 Qh6 33. h4 Qh5+ 34. Kg2 Bxe3 35. fxe3 Qg4 36. Qe1 Nxh4+ 37. Kf2 Nf5 38. Qg1 Qh3 39. Bf3 Qh6 40. Rd2 Qg7 0-1


[Site "https://www.chess.com"]

[Event "Titled Tuesday Blitz December 06 Early 2022"]
[White "Weetik, Vjacheslav"]
[Black "Ismayil, Malak"]
[WhiteFideId "4153472"]
[BlackFideId "13412604"]
[WhiteElo "2469"]
[BlackElo "1880"]
[Result "1-0"]
[Round "09"]
[TimeControl "180+1"]
[Date "2022.12.07"]
[WhiteClock "0:00:14"]
[BlackClock "0:00:01"]

1. d4 Nf6 2. Nf3 g6 3. Bg5 Bg7 4. c3 O-O 5. Nbd2 d6 6. e4 Nc6 7. Be2 e5 8. dxe5 dxe5 9. O-O h6 10. Bh4 g5 11. Bg3 Qe7 12. Qc2 Bg4 13. Rfe1 Rad8 14. b4 Nh5 15. Nc4 Nf4 16. Ne3 Bxf3 17. Bxf3 Nb8 18. Nf5 Qe6 19. Bg4 Qf6 20. h4 c5 21. b5 Nd7 22. hxg5 hxg5 23. Rad1 Nb6 24. c4 Rxd1 25. Rxd1 Rd8 26. a4 Rxd1+ 27. Qxd1 Nxc4 28. Qd7 Na5 29. Qe8+ Kh7 30. Ne3 c4 31. Bf5+ Ng6 32. Ng4 Qd6 33. Qxf7 Qd1+ 34. Kh2 Qd6 35. Nxe5 Kh6 36. Ng4+ Kh7 37. Bxd6 1-0


[Site "https://www.chess.com"]

[Event "Titled Tuesday Blitz December 06 Early 2022"]
[White "Williams, Simon K"]
[Black "Piesik, Piotr"]
[WhiteFideId "404454"]
[BlackFideId "1136194"]
[WhiteElo "2468"]
[BlackElo "2316"]
[Result "0-1"]
[Round "09"]
[TimeControl "180+1"]
[Date "2022.12.07"]
[WhiteClock "0:00:10"]
[BlackClock "0:00:58"]

1. d4 c5 2. d5 e5 3. Nc3 d6 4. e4 Be7 5. f4 exf4 6. Bxf4 a6 7. a4 Bg5 8. Qd2 Bxf4 9. Qxf4 Qf6 10. Qg3 Nd7 11. Nf3 Ne7 12. Be2 Ng6 13. O-O O-O 14. h4 Qf4 15. Qf2 Nge5 16. Ne1 Qxf2+ 17. Rxf2 Nf6 18. Nd3 Re8 19. Raf1 Nc4 20. Rxf6 gxf6 21. Rxf6 Kg7 22. Rf4 Ne5 23. a5 Bd7 24. h5 h6 25. Nd1 Bb5 26. N1f2 Bxd3 27. cxd3 b6 28. axb6 Rab8 29. Ng4 Rxb6 30. Ne3 a5 31. Nf5+ Kh7 32. Bf1 Rg8 33. Rf2 a4 34. d4 cxd4 35. Nxd4 Rg4 36. Nc6 Nxc6 37. dxc6 Rxc6 38. Rxf7+ Kg8 39. Ra7 Rxe4 40. Bd3 Rd4 41. Bg6 Rb6 42. Kf2 Rxb2+ 43. Ke3 Rg4 44. Kf3 Rgb4 45. g4 Ra2 46. g5 Ra3+ 47. Ke2 Rb2+ 0-1


[Site "https://www.chess.com"]

[Event "Titled Tuesday Blitz December 06 Early 2022"]
[White "Xiong, Jeffery"]
[Black "Dardha, Daniel"]
[WhiteFideId "2047640"]
[BlackFideId "240990"]
[WhiteElo "2726"]
[BlackElo "2528"]
[Result "0-1"]
[Round "09"]
[TimeControl "180+1"]
[Date "2022.12.06"]
[WhiteClock "0:00:07"]
[BlackClock "0:00:06"]

1. e4 e5 2. Nf3 Nc6 3. Bb5 Nf6 4. d3 d6 5. O-O a6 6. Bxc6+ bxc6 7. Re1 a5 8. d4 Nd7 9. dxe5 dxe5 10. Bd2 Bd6 11. Na3 Bxa3 12. bxa3 O-O 13. Re3 Qe7 14. Ne1 Nb6 15. Rc3 Na4 16. Rg3 f6 17. Nd3 Be6 18. Qe1 Nc5 19. Bxa5 Nxe4 20. Bb4 Nd6 21. Nc5 Bd5 22. a4 Qf7 23. a5 Rfe8 24. Rd3 f5 25. a3 f4 26. f3 Qg6 27. Qf2 e4 28. fxe4 Nxe4 29. Nxe4 Rxe4 30. Rd2 Qe6 31. Rf1 h6 32. Qc5 Bc4 33. Rd3 Bxd3 34. cxd3 Re5 35. Qc1 Qd5 36. Qxf4 Re2 37. Qg3 Qd4+ 38. Kh1 Re3 39. Qxc7 Qxd3 40. Rg1 Qd5 41. Qb7 Ree8 42. a6 Qb5 43. Rc1 Rxa6 44. Qd7 Qe5 45. Bc3 Qe7 46. Qd3 Ra7 47. Bb4 Qf7 48. h3 Rd7 49. Qg3 Qd5 50. Rc3 Rf7 51. Kh2 Qe5 52. Rc5 Qxg3+ 53. Kxg3 Re3+ 54. Kh2 Rf6 55. a4 Re4 56. Bc3 Rg6 57. a5 Re2 58. a6 Rexg2+ 59. Kh1 Rg1+ 60. Kh2 R6g2# 0-1


[Site "https://www.chess.com"]

[Event "Titled Tuesday Blitz December 06 Early 2022"]
[White "Xu, Yi"]
[Black "Boros, Denes"]
[WhiteFideId "8605564"]
[BlackFideId "722340"]
[WhiteElo "2471"]
[BlackElo "2464"]
[Result "1-0"]
[Round "09"]
[TimeControl "180+1"]
[Date "2022.12.06"]
[WhiteClock "0:00:24"]
[BlackClock "0:00:17"]

1. e4 c5 2. Nf3 a6 3. b3 b5 4. Bb2 Bb7 5. d3 Nf6 6. g3 g6 7. Bg2 Bg7 8. O-O O-O 9. Nbd2 Nc6 10. Re1 Re8 11. e5 Nd5 12. Ng5 Nc7 13. f4 d6 14. Nde4 Rb8 15. Qg4 f5 16. Qh3 h6 17. exd6 exd6 18. Nf6+ Qxf6 19. Bxf6 hxg5 20. fxg5 Ne5 21. Bxb7 Rxb7 22. Rxe5 Rxe5 23. Bxg7 Kxg7 24. Qh6+ Kf7 25. Qh7+ Ke6 26. Qxg6+ Kd5 27. Rf1 Kd4 28. Rxf5 Kc3 29. Rxe5 dxe5 30. Qf7 Kxc2 31. g6 Kxd3 32. g7 e4 33. g8=Q e3 34. Qd8+ Kc2 35. Qdxc7 e2 36. Kf2 Kd1 37. Qd5+ 1-0


[Site "https://www.chess.com"]